 Dungeon Crawl Stone Soup version 0.31.0-11-ge490571c62 (webtiles) character file.

Game seed: 13291013518282651578

61 olmar the Ruffian (level 3, 0/28 HPs)
             Began as a Demigod Shapeshifter on Feb 6, 2024.
             Killed by divine providence
             ... invoked by an orc priest
              (9 damage)
             ... on level 3 of the Dungeon.
             The game lasted 00:02:30 (845 turns).

olmar the Ruffian (Demigod Shapeshifter)             Turns: 845, Time: 00:02:31

Health: 0/28       AC:  2    Str: 19    XL:     3   Next: 58%
Magic:  5/5        EV: 12    Int: 12    God:
Gold:   20         SH:  0    Dex: 13    Spells: 2/2 levels left

rFire   . .          .
                       - Unarmed
rCold   . . .        (no shield)
rNeg    . . .        a - +0 animal skin
rPois   .            (helmet currently unavailable)
rElec   .            (cloak currently unavailable)
rCorr   .            (gloves currently unavailable)
SInv    .            (boots currently unavailable)
Will    .....        i - amulet of regeneration
Stlth   +            (no ring)
HPRegen 1.04/turn    (no ring)
MPRegen 0.09/turn

%: no passive effects
@: beast-form
A: beast (slay +1), high MP 1, forlorn, divine attributes
a: Begin Untransformation


You were on level 3 of the Dungeon.
You were a hulking beast.
You visited 1 branch of the dungeon, and saw 3 of its levels.

You collected 20 gold pieces.

Inventory:

Armour
 a - a +0 animal skin (worn)
Jewellery
 i - an amulet of regeneration (around neck)
 l - a +5 ring of evasion
Talismans
 c - a beast talisman
 d - a flux talisman
Scrolls
 e - a scroll of enchant armour {unknown}
 h - a scroll of butterflies {unknown}
 k - a scroll of identify {unknown}
Potions
 b - a potion of lignification
 f - a potion of heal wounds {unknown}
 g - 2 potions of curing {unknown}
 j - a potion of might {unknown}


   Skills:
 + Level 1.1 Fighting
 + Level 2.0 Dodging
 + Level 3.7 Unarmed Combat
 + Level 3.2 Shapeshifting


You had 2 spell levels left.
You didn't know any spells.
Your spell library contained the following spells:

 Spells                   Type           Power      Damage    Failure   Level
 Kiss of Death            Conj/Necr      0%         2d5       32%         1
 Shock                    Conj/Air       0%         1d3       32%         1
 Confusing Touch          Hex            0%         N/A       69%         3
 Swiftness                Air            0%         N/A       69%         3
 Airstrike                Air            0%         2d(0-16)  97%         4
 Dispel Undead            Necr           0%         3d6       97%         4


Dungeon Overview and Level Annotations

Branches:
Dungeon (3/15)


Innate Abilities, Weirdness & Mutations

You are a hulking beast.
Your limbs bulge with bestial killing power. (Slay +1)
You have an increased reservoir of magic. (+10% MP)
You shall have no god before yourself.
Your divine heritage dramatically boosts your attributes as you level up.


Message History

A gnoll comes into view. It is wielding a +0 halberd.
The gnoll shouts!
You hear a shout! x2
A gnoll is nearby!
Found a metallic grey potion.
Found a bloodstained altar of Trog.
A gnoll comes into view. It is wielding a +0 spear.
The gnoll attacks as it pursues you!
The gnoll hits you from afar with a +0 halberd.
The gnoll attacks as it pursues you!
The gnoll hits you from afar with a +0 halberd!
The gnoll attacks as it pursues you!
The gnoll hits you from afar with a +0 halberd!
The gnoll attacks as it pursues you! The gnoll closely misses you.
Unknown command.
The gnoll attacks as it pursues you! The gnoll closely misses you.
Unknown command.
Unknown command.
Unknown command.
Unknown command.
Unknown command.
Unknown command.
The gnoll attacks as it pursues you!
The gnoll hits you from afar with a +0 halberd!
Unknown command.
The gnoll attacks as it pursues you! The gnoll closely misses you.
The gnoll attacks as it pursues you!
The gnoll hits you from afar with a +0 halberd!
* * * LOW HITPOINT WARNING * * *
There is an escape hatch in the floor here.
Unknown command.
The gnoll hits you from afar with a +0 halberd.
* * * LOW HITPOINT WARNING * * *
You slide downwards.
The hatch slams shut behind you.
You hear the sound of rushing water.
There is an entrance to a sewer on this level.
Hurry and find it before the portal rusts away!
The orc shouts!
The orc priest shouts! x2; The orc wizard shouts!
Found a glowing golden altar of the Shining One.
Okay, then.
The orc priest calls down the wrath of Beogh upon you.
Beogh smites you!
You die...

#..o.≈≈o≈≈
##.o≈..≈.≈.
##..o≈≈o....
##........_..
##.....≈≈.....
#......≈..≈.≈.
+........≈≈.≈≈
#.............
##...h...##...
##.....## .
##...## ##+##


You could see an orc priest, an orc wizard and an orc (wandering).

Vanquished Creatures
  2 adders
  A dart slug (D:2)
  2 ribbon worms (D:2)
  3 ball pythons (D:1)
  3 endoplasms (D:1)
  6 goblins
  3 hobgoblins
  2 quokkas (D:2)
  2 bats
  2 frilled lizards
  4 kobolds
  4 rats
34 creatures vanquished.

Notes
Turn   | Place    | Note
-------+----------+-------------------------------------------
     0 | D:1      | olmar the Demigod Shapeshifter began the quest for the Orb.
     0 | D:1      | Reached XP level 1. HP: 15/15 MP: 3/3
   264 | D:1      | Reached XP level 2. HP: 22/22 MP: 4/4
   494 | D:2      | Reached XP level 3. HP: 25/27 MP: 5/5
   636 | D:2      | Found Duakh's Antique Armour Shoppe.
   695 | D:2      | Reached skill level 1 in Fighting
   845 | D:3      | Killed from afar by an orc priest

Illustrated notes

Levels and vault maps discovered:
D:1:      dpeg_arrival_lava_altar, layout_rooms
D:2:      layout_rooms, serial_shops, shop, basic_altar, serial_bayou_crossing
D:3:      layout_loops_corners, grunt_qazlal_clouds,
          mainiacjoe_overflow_small_starburst, makhleb_altar_promises_db,
          portal_sewer_entry_f, minmay_fractal_squares_gapless_5, uniq_jessica,
          uniq_ijyb

Skill      XL: |  1  2  3 |
---------------+----------+-----
Unarmed Combat | 3 |  3.7
Dodging        | 2 |  2.0
Shapeshifting  | 3 |  3.2
Fighting       | 1 |  1.1

Action                     || total
---------------------------++-------
  Melee: Unarmed           ||   102
 Armour: Animal skin       ||    52
  Dodge: Dodged            ||    53
